| TOP OF THE 1ST |
|
Iowa Oaks batting - Pitching for Omaha Storm Chasers : LHP Joe W Price
|
|
Pitching: LHP Joe W Price
|
|
|
Batting: SHB Rod Craig
|
0-0: Ball 1-0: Bunted foul 1-1: Fly out, F7 (Flyball, 78M, EV 88.1 MPH)
|
|
Batting: RHB Edgar Flores
|
0-0: Called Strike 0-1: SINGLE (Groundball, 6S, EV 70.0 MPH) (infield hit)
|
|
Batting: LHB Ronald Little
|
0-0: Foul Ball, location: 2F 0-1: Ball 1-1: Ball 2-1: Fielders Choice at 2nd, 6-4 (Groundball, 6M, EV 108.1 MPH)
|
|
Batting: SHB Mike Turgeon
|
0-0: Ball 1-0: Ball Ronald Little steals 2nd base (no throw) 2-0: Called Strike 2-1: Swinging Strike 2-2: Ground out 5-3 (Groundball, 56, EV 98.1 MPH)
|
| Top of the 1st over - 0 runs, 1 hit, 0 errors, 1 left on base; Iowa 0 - Omaha 0 |
| BOTTOM OF THE 1ST |
|
Omaha Storm Chasers batting - Pitching for Iowa Oaks : RHP Randy Romagna
|
|
Pitching: RHP Randy Romagna
|
|
|
Batting: RHB Jay Schellin
|
0-0: Called Strike 0-1: Ball 1-1: Foul Ball, location: 2F 1-2: Ball 2-2: Foul Ball, location: 2F 2-2: Foul Ball, location: 2F 2-2: Ground out 4-3 (Groundball, 4S, EV 90.0 MPH)
|
|
Batting: SHB Rafael Landestoy
|
0-0: Ball 1-0: Foul Ball, location: 2F 1-1: Ground out 4-3 (Groundball, 34D, EV 106.9 MPH)
|
|
Batting: RHB Don Money
|
0-0: Called Strike 0-1: Fly out, F9 (Line Drive, 9, EV 85.6 MPH)
|
| Bottom of the 1st over - 0 runs, 0 hits, 0 errors, 0 left on base; Iowa 0 - Omaha 0 |
| TOP OF THE 2ND |
|
Iowa Oaks batting - Pitching for Omaha Storm Chasers : LHP Joe W Price
|
|
Batting: RHB Mark Benson
|
0-0: Ball 1-0: Foul Ball, location: 2F 1-1: Ground out 1-3 (Groundball, 13, EV 63.1 MPH)
|
|
Batting: LHB Gary Jones
|
0-0: Ball 1-0: Swinging Strike 1-1: Foul Ball, location: 2F 1-2: Fly out, F4 (Popup, 3S, EV 70.0 MPH)
|
|
Batting: RHB Jordan Arredondo
|
0-0: Ball 1-0: Swinging Strike 1-1: Ball 2-1: Ball 3-1: Foul Ball, location: 2F 3-2: Base on Balls
|
|
Batting: LHB Wayne Krenchicki
|
0-0: Ball 1-0: Foul Ball, location: 2F 1-1: Fly out, F9 (Flyball, 89S, EV 81.9 MPH)
|
| Top of the 2nd over - 0 runs, 0 hits, 0 errors, 1 left on base; Iowa 0 - Omaha 0 |
| BOTTOM OF THE 2ND |
|
Omaha Storm Chasers batting - Pitching for Iowa Oaks : RHP Randy Romagna
|
|
Batting: RHB Eddie Gates
|
0-0: Ball 1-0: Ball 2-0: Ball 3-0: Base on Balls
|
|
Batting: LHB Donald Elliott
|
0-0: Called Strike 0-1: Fielders Choice at 2nd, 5-4 (Groundball, 56, EV 80.6 MPH)
|
|
Batting: SHB Larry Bowa
|
0-0: Ball 1-0: SINGLE (Line Drive, 9S, EV 107.5 MPH) Donald Elliott to second Runner from 2nd tries for 3rd, SAFE, throw by RF made to third
|
|
Batting: RHB Mike Allport
|
0-0: Ball 1-0: Ball 2-0: DOUBLE (Line Drive, 9LD, EV 110.0 MPH) Donald Elliott scores Larry Bowa to third Runner from 3rd tries for Home, SAFE, throw by RF to home
|
|
Batting: RHB Odie Davis
|
0-0: Ball 1-0: Called Strike 1-1: Ground out U3 (Groundball, 3, EV 89.4 MPH) Mike Allport to third
|
|
Batting: LHB Charles Ross
|
0-0: Called Strike 0-1: Called Strike 0-2: Fly out, F7 (Flyball, 7S, EV 80.0 MPH)
|
| Bottom of the 2nd over - 2 runs, 2 hits, 0 errors, 1 left on base; Iowa 0 - Omaha 2 |
| TOP OF THE 3RD |
|
Iowa Oaks batting - Pitching for Omaha Storm Chasers : LHP Joe W Price
|
|
Batting: RHB Gregory Chandler
|
0-0: Ball 1-0: Ground out 6-3 (Groundball, 56, EV 95.0 MPH)
|
|
Batting: SHB Rod Craig
|
0-0: Ball 1-0: Ball 2-0: SOLO HOME RUN (Flyball, 7LD, EV 89.4 MPH), Distance : 348 ft
|
|
Batting: RHB Edgar Flores
|
0-0: Called Strike 0-1: Foul Ball, location: 2F 0-2: SINGLE (Line Drive, 8RS, EV 90.0 MPH)
|
|
Batting: LHB Ronald Little
|
0-0: Ball 1-0: Ball 2-0: Fielders Choice at 2nd, 3-6 (Groundball, 3, EV 80.6 MPH)
|
|
Batting: SHB Mike Turgeon
|
0-0: Called Strike 0-1: Foul Ball, location: 2F 0-2: Strikes out swinging
|
| Top of the 3rd over - 1 run, 2 hits, 0 errors, 1 left on base; Iowa 1 - Omaha 2 |
| BOTTOM OF THE 3RD |
|
Omaha Storm Chasers batting - Pitching for Iowa Oaks : RHP Randy Romagna
|
|
Batting: RHB Jay Schellin
|
0-0: Called Strike 0-1: Ball 1-1: Foul Ball, location: 2F 1-2: Ball 2-2: Fly out, F8 (Flyball, 8LS, EV 82.5 MPH)
|
|
Batting: SHB Rafael Landestoy
|
0-0: Foul Ball, location: 2F 0-1: Ball 1-1: Foul Ball, location: 2F 1-2: Foul Ball, location: 2F 1-2: Foul Ball, location: 2F 1-2: SOLO HOME RUN (Flyball, 9D, EV 90.0 MPH), Distance : 366 ft
|
|
Batting: RHB Don Money
|
0-0: Swinging Strike 0-1: Ball 1-1: Ground out U3 (Groundball, 3L, EV 98.8 MPH)
|
|
Batting: RHB Eddie Gates
|
0-0: Called Strike 0-1: Ball 1-1: Foul Ball, location: 2F 1-2: Ball 2-2: Ball 3-2: Foul Ball, location: 2F 3-2: Fly out, F9 (Flyball, 9S, EV 81.3 MPH)
|
| Bottom of the 3rd over - 1 run, 1 hit, 0 errors, 0 left on base; Iowa 1 - Omaha 3 |
| TOP OF THE 4TH |
|
Iowa Oaks batting - Pitching for Omaha Storm Chasers : LHP Joe W Price
|
|
Batting: RHB Mark Benson
|
0-0: Called Strike 0-1: Ball 1-1: Foul Ball, location: 2F 1-2: Ball 2-2: Foul Ball, location: 2F 2-2: Foul Ball, location: 2F 2-2: Ground out 5-3 (Groundball, 56, EV 85.0 MPH)
|
|
Batting: LHB Gary Jones
|
0-0: SINGLE (Groundball, 34D, EV 96.9 MPH)
|
|
Batting: RHB Jordan Arredondo
|
0-0: Foul Ball, location: 2F 0-1: Ball 1-1: Ball 2-1: Foul Ball, location: 2F 2-2: Fly out, F5 (Popup, 5SF, EV 72.5 MPH)
|
|
Batting: LHB Wayne Krenchicki
|
0-0: Ball 1-0: Ground out 3-1 (Groundball, 34S, EV 88.1 MPH)
|
| Top of the 4th over - 0 runs, 1 hit, 0 errors, 1 left on base; Iowa 1 - Omaha 3 |
| BOTTOM OF THE 4TH |
|
Omaha Storm Chasers batting - Pitching for Iowa Oaks : RHP Randy Romagna
|
|
Batting: LHB Donald Elliott
|
0-0: Fly out, F9 (Flyball, 9LS, EV 84.4 MPH)
|
|
Batting: SHB Larry Bowa
|
0-0: Ball 1-0: Swinging Strike 1-1: Ball 2-1: Foul Ball, location: 2F 2-2: Ground out 6-3 (Groundball, 6, EV 103.1 MPH)
|
|
Batting: RHB Mike Allport
|
0-0: Ball 1-0: Ball 2-0: Fly out, F8 (Flyball, 8LXD, EV 73.1 MPH)
|
| Bottom of the 4th over - 0 runs, 0 hits, 0 errors, 0 left on base; Iowa 1 - Omaha 3 |
| TOP OF THE 5TH |
|
Iowa Oaks batting - Pitching for Omaha Storm Chasers : LHP Joe W Price
|
|
Batting: RHB Gregory Chandler
|
0-0: Ball 1-0: Swinging Strike 1-1: Ball 2-1: Ground out 6-3 (Groundball, 6, EV 83.1 MPH)
|
|
Batting: SHB Rod Craig
|
0-0: Swinging Strike 0-1: Ground out 1-3 (Groundball, P, EV 69.4 MPH)
|
|
Batting: RHB Edgar Flores
|
0-0: Ball 1-0: Ball 2-0: Ball 3-0: Base on Balls
|
|
Batting: LHB Ronald Little
|
0-0: Ball 1-0: Ball 2-0: Called Strike 2-1: Foul Ball, location: 2F 2-2: SINGLE (Line Drive, 8RS, EV 107.5 MPH) Edgar Flores to second Edgar Flores to third
|
|
Batting: SHB Mike Turgeon
|
0-0: Ball 1-0: Ground out U3 (Groundball, 23, EV 91.3 MPH)
|
| Top of the 5th over - 0 runs, 1 hit, 0 errors, 2 left on base; Iowa 1 - Omaha 3 |
| BOTTOM OF THE 5TH |
|
Omaha Storm Chasers batting - Pitching for Iowa Oaks : RHP Randy Romagna
|
|
Batting: RHB Odie Davis
|
0-0: Swinging Strike 0-1: Foul Ball, location: 2F 0-2: Strikes out swinging
|
|
Batting: LHB Charles Ross
|
0-0: Called Strike 0-1: Ball 1-1: Ground out U3 (Groundball, 34, EV 105.0 MPH)
|
|
Batting: RHB Jay Schellin
|
0-0: Ball 1-0: Ball 2-0: Called Strike 2-1: Foul Ball, location: 2F 2-2: Ground out 5-3 (Groundball, 56S, EV 75.6 MPH)
|
| Bottom of the 5th over - 0 runs, 0 hits, 0 errors, 0 left on base; Iowa 1 - Omaha 3 |
| TOP OF THE 6TH |
|
Iowa Oaks batting - Pitching for Omaha Storm Chasers : LHP Joe W Price
|
|
Batting: RHB Mark Benson
|
0-0: Ball 1-0: Swinging Strike 1-1: Foul Ball, location: 2F 1-2: Foul Ball, location: 2F 1-2: Ball 2-2: Ball 3-2: Base on Balls
|
|
Batting: LHB Gary Jones
|
0-0: Fielders Choice at 2nd, 4-6 (Groundball, 4, EV 103.8 MPH)
|
|
Batting: RHB Jordan Arredondo
|
0-0: Called Strike 0-1: Grounds into double play, 5-4-3 (Groundball, 5, EV 86.3 MPH)
|
| Top of the 6th over - 0 runs, 0 hits, 0 errors, 0 left on base; Iowa 1 - Omaha 3 |
| BOTTOM OF THE 6TH |
|
Omaha Storm Chasers batting - Pitching for Iowa Oaks : RHP Randy Romagna
|
|
Batting: SHB Rafael Landestoy
|
0-0: Ball 1-0: Ground out U3 (Groundball, 3L, EV 80.0 MPH)
|
|
Batting: RHB Don Money
|
0-0: Ball 1-0: Foul Ball, location: 2F 1-1: Fly out, F7 (Flyball, 7, EV 90.6 MPH)
|
|
Batting: RHB Eddie Gates
|
0-0: Called Strike 0-1: Ball 1-1: Fly out, F7 (Line Drive, 7, EV 90.6 MPH)
|
| Bottom of the 6th over - 0 runs, 0 hits, 0 errors, 0 left on base; Iowa 1 - Omaha 3 |
| TOP OF THE 7TH |
|
Iowa Oaks batting - Pitching for Omaha Storm Chasers : LHP Joe W Price
|
|
Batting: LHB Wayne Krenchicki
|
0-0: Ball 1-0: Called Strike 1-1: Fly out, F9 (Flyball, 9LS, EV 79.4 MPH)
|
|
Batting: RHB Gregory Chandler
|
0-0: Ball 1-0: Called Strike 1-1: Ground out 5-3 (Groundball, 56S, EV 86.9 MPH)
|
|
Batting: SHB Rod Craig
|
0-0: Ball 1-0: Ball 2-0: Foul Ball, location: 2F 2-1: Called Strike 2-2: Foul Ball, location: 2F 2-2: Ball 3-2: Ground out 4-3 (Groundball, 34, EV 101.9 MPH)
|
| Top of the 7th over - 0 runs, 0 hits, 0 errors, 0 left on base; Iowa 1 - Omaha 3 |
| BOTTOM OF THE 7TH |
|
Omaha Storm Chasers batting - Pitching for Iowa Oaks : RHP Randy Romagna
|
|
Batting: LHB Donald Elliott
|
0-0: Called Strike 0-1: Fly out, F6 (Line Drive, 6, EV 68.1 MPH)
|
|
Batting: SHB Larry Bowa
|
0-0: Ball 1-0: Ball 2-0: Called Strike 2-1: Ball 3-1: Foul Ball, location: 2F 3-2: Ground out 4-3 (Groundball, 4D, EV 106.3 MPH)
|
|
Batting: RHB Mike Allport
|
0-0: Ball 1-0: Fly out, F2 (Popup, 2LF, EV 88.8 MPH)
|
| Bottom of the 7th over - 0 runs, 0 hits, 0 errors, 0 left on base; Iowa 1 - Omaha 3 |
| TOP OF THE 8TH |
|
Iowa Oaks batting - Pitching for Omaha Storm Chasers : LHP Joe W Price
|
|
Batting: RHB Edgar Flores
|
0-0: Ball 1-0: Ball 2-0: Ball 3-0: Called Strike 3-1: Called Strike 3-2: Foul Ball, location: 2F 3-2: Base on Balls
|
|
Batting: LHB Ronald Little
|
0-0: Ball 1-0: Ball 2-0: Fly out, F7 (Flyball, 7LS, EV 87.5 MPH)
|
|
Batting: SHB Mike Turgeon
|
0-0: Ball 1-0: Ball Wild Pitch! Edgar Flores to second 2-0: Called Strike 2-1: Foul Ball, location: 2F 2-2: Fly out, F3 (Popup, 23F, EV 83.1 MPH)
|
|
Batting: RHB Mark Benson
|
0-0: Foul Ball, location: 2F 0-1: Foul Ball, location: 2F 0-2: Ball 1-2: Ground out 6-3 (Groundball, 6, EV 100.0 MPH)
|
| Top of the 8th over - 0 runs, 0 hits, 0 errors, 1 left on base; Iowa 1 - Omaha 3 |
| BOTTOM OF THE 8TH |
|
Omaha Storm Chasers batting - Pitching for Iowa Oaks : RHP Randy Romagna
|
|
Batting: RHB Odie Davis
|
0-0: Foul Ball, location: 2F 0-1: Ball 1-1: Swinging Strike 1-2: Ball 2-2: Reached on error, E4 (Groundball, 4, EV 93.1 MPH)
|
|
Batting: LHB Charles Ross
|
0-0: Called Strike 0-1: Swinging Strike 0-2: Ball 1-2: Strikes out looking
|
|
Batting: RHB Jay Schellin
|
0-0: Called Strike 0-1: Ball 1-1: Foul Ball, location: 2F 1-2: Strikes out swinging
|
|
Batting: SHB Rafael Landestoy
|
0-0: Ball 1-0: Ground out 4-3 (Groundball, 4, EV 78.8 MPH)
|
| Bottom of the 8th over - 0 runs, 0 hits, 1 error, 1 left on base; Iowa 1 - Omaha 3 |
| TOP OF THE 9TH |
|
Iowa Oaks batting - Pitching for Omaha Storm Chasers : LHP Joe W Price
|
|
Batting: LHB Gary Jones
|
0-0: Called Strike 0-1: Swinging Strike 0-2: Strikes out looking
|
|
Batting: RHB Jordan Arredondo
|
0-0: Ball 1-0: SINGLE (Line Drive, 78S, EV 105.0 MPH)
|
|
Pinch Hitting: RHB Mike Richardt
|
0-0: Called Strike 0-1: Fly out, F8 (Line Drive, 8LM, EV 98.1 MPH)
|
|
Pinch Hitting: SHB Michael Pace
|
0-0: Ball Wild Pitch! Jordan Arredondo to second 1-0: Ball 2-0: Ball 3-0: Base on Balls
|
|
Batting: SHB Rod Craig
|
0-0: Called Strike 0-1: Ball 1-1: Fly out, F5 (Popup, 6S, EV 68.1 MPH)
|
| Top of the 9th over - 0 runs, 1 hit, 0 errors, 2 left on base; Iowa 1 - Omaha 3 |
|